 Dungeon Crawl Stone Soup version 0.17.2-1-ge4368a0 (webtiles) character file.

9 ololoev the Skirmisher (level 2, 22/24 HPs)
             Began as a Demonspawn Berserker on July 26, 2016.
             Was a Follower of Trog.
             Quit the game on level 2 of the Dungeon.
             The game lasted 00:01:44 (246 turns).

ololoev the Skirmisher (Demonspawn Berserker)        Turns: 246, Time: 00:01:44

Health: 22/24      AC:  6    Str: 17    XL:     2   Next: 3%
Magic:  2/2        EV: 10    Int:  8    God:    Trog [*.....]
Gold:   44         SH:  0    Dex: 12    Spells: 0 memorised, 1 level left

rFire  . . .     SeeInvis .     a - +0 hand axe
rCold  . . .     Clarity  .     f - +0 scale mail
rNeg   . . .     SustAt   .     (no shield)
rPois  .         Gourm    .     (no helmet)
rElec  .         Spirit   .     (no cloak)
rCorr  .         Warding  .     (no gloves)
rMut   .         Stasis   .     (no boots)
MR     .....                    (no amulet)
Stlth  ..........               (no ring)
                                (no ring)

@: not resistant to hostile enchantments, extremely unstealthy
A: hooves 1
a: Berserk, Burn Spellbooks, Renounce Religion


Innate Abilities, Weirdness & Mutations

You have large cloven feet.

Inventory:

Hand Weapons
 a - a +0 hand axe (weapon)
Armour
 f - a +0 scale mail (worn)
Scrolls
 b - a scroll of identify {unknown}
 e - a scroll of amnesia {unknown}
 h - a scroll of teleportation {unknown}
Potions
 d - a potion of invisibility {unknown}
Comestibles
 c - a bread ration
 i - a meat ration


   Skills:
 - Level 3.0 Fighting
 * Level 3.0 Axes
 + Level 2.1 Armour
 - Level 1.7 Dodging


You had one spell level left.
You didn't know any spells.


You were on level 2 of the Dungeon.
You worshipped Trog.
Trog was aware of your devotion.
You were not hungry.

You visited 1 branch of the dungeon, and saw 2 of its levels.

You collected 44 gold pieces.

###...# ### #..... ..#
#....####.#
#....##<#.#
#....##.#.#
#....##.#.# #
####.#....##.#.###....
.......@†.)...........
####.#....##.#.####.##
#....##.#.#
#.........#
#....#.#### #........
.......### ##.......

Notes
Turn   | Place    | Note
--------------------------------------------------------------
     0 | D:1      | ololoev the Demonspawn Berserker began the quest for the Orb.
     0 | D:1      | Reached XP level 1. HP: 18/18 MP: 1/1
   245 | D:2      | Gained mutation: You have large cloven feet. [demonic ancestry]
   245 | D:2      | Reached XP level 2. HP: 22/24 MP: 2/2
   246 | D:2      | Quit the game

Dungeon Overview and Level Annotations

Branches:
Dungeon (2/15)

Altars:


Message History

There is a stone staircase leading up here.
Found a stone staircase leading down.
A hobgoblin comes into view. It is wielding a club.
The hobgoblin shouts!
Found 6 gold pieces.
You hit the hobgoblin.
The hobgoblin is heavily wounded.
The hobgoblin hits you with a club.
You hit the hobgoblin.
You kill the hobgoblin!
Trog accepts your kill.
Your Armour skill increases to level 2!
Things that are here:
a club; a hobgoblin corpse A giant cockroach comes into view.
The giant cockroach moves out of view.
You now have 44 gold pieces (gained 6).
The giant cockroach is too close now for your liking.
You can't go down here!
Things that are here:
a club; a hobgoblin corpse All of the chunks of flesh in your inventory have rotted away.
The giant cockroach bites you but does no damage.
There is a stone staircase leading down here.
You closely miss the giant cockroach. The giant cockroach barely misses you.
You hit the giant cockroach but do no damage.
The giant cockroach closely misses you.
You hit the giant cockroach.
The giant cockroach is heavily wounded.
The giant cockroach bites you but does no damage.
The giant cockroach waves its antennae.
The giant cockroach bites you.
You slash the giant cockroach!
You kill the giant cockroach!
Trog accepts your kill.
You have reached level 2!
You feel monstrous as your demonic heritage exerts itself.
Your demonic ancestry asserts itself...
Your feet thicken and deform.
Are you sure you want to abandon this character and quit the game? (Confirm with "yes".)

There were no monsters in sight!

Vanquished Creatures
  A giant cockroach (D:2)
  4 goblins (D:1)
  2 hobgoblins
  A bat (D:1)
  A kobold (D:1)
9 creatures vanquished.

Action                   || total
-------------------------++-------
Melee: Hand axe          ||    24
Invok: Berserk           ||     1

Vault maps used:
D:1:      minmay_arrival_cross, hangedman_decor_slide_cut, hex_intersection,
          minmay_misc_feat_tiny, hangedman_abyss_or_decor_stabs
D:2:      tso_altar, lemuel_round_altar, first_bread
